AA CENTRAL
FRISCO ROUGHRIDERS @ SAN ANTONIO MISSIONS
05/27/2042
 
TOP OF THE 1ST
Frisco RoughRiders batting - Pitching for San Antonio Missions : RHP Joe Scott
Pitching: RHP Joe Scott
Batting: RHB Jeff Maxwell 0-0: Ball
1-0: Ball
2-0: Ball
3-0: Called Strike
3-1: Called Strike
3-2: Ground out 5-3 (Groundball, 56, EV 85.6 MPH)
Batting: LHB Jim Unknown 0-0: Called Strike
0-1: Ball
1-1: Ball
2-1: Ball
3-1: SINGLE (Groundball, 13S, EV 72.5 MPH) (infield hit)
Batting: LHB Dan Weaver 0-0: Foul Ball, location: 7LDF
0-1: Foul Ball, location: 25F
0-2: Ball
1-2: Ball
2-2: Foul Ball, location: 2F
2-2: Ball
3-2: Base on Balls
Jim Unknown to second
Batting: RHB Joel Johnson 0-0: Grounds into double play, 6-4-3 (Groundball, 6, EV 100.6 MPH)
Top of the 1st over - 0 runs, 1 hit, 0 errors, 1 left on base; Frisco 0 - San Antonio 0
BOTTOM OF THE 1ST
San Antonio Missions batting - Pitching for Frisco RoughRiders : RHP Jim Unknown
Pitching: RHP Jim Unknown
Batting: RHB Tim James 0-0: Ball
1-0: Foul Ball, location: 2F
1-1: DOUBLE (Flyball, 8RXD, EV 108.8 MPH)
Batting: RHB Peder Fenger 0-0: Ground out 1-3 (Groundball, P, EV 63.8 MPH)
Batting: LHB Shawn Jones 0-0: Ball
1-0: Ball
2-0: Ball
3-0: Base on Balls
Batting: LHB Greg Nikorak 0-0: Ball
1-0: Called Strike
1-1: Ball
2-1: Ball
3-1: Foul Ball, location: 3F
3-2: Foul Ball, location: 2F
3-2: Base on Balls
Tim James to third
Shawn Jones to second
Batting: RHB Orlando Hernández 0-0: Ball
1-0: Ball
2-0: Fly out, F7 (Flyball, 7, EV 73.8 MPH)
Runner from 3rd tags up, SCORES, throw by LF
Batting: RHB John Howatt 0-0: Fly out, F7 (Flyball, 7LD, EV 103.1 MPH)
Bottom of the 1st over - 1 run, 1 hit, 0 errors, 2 left on base; Frisco 0 - San Antonio 1
TOP OF THE 2ND
Frisco RoughRiders batting - Pitching for San Antonio Missions : RHP Joe Scott
Batting: RHB Lúcio Ramírez 0-0: Foul Ball, location: 2F
0-1: Swinging Strike
0-2: Strikes out swinging
Batting: LHB Jim Unknown 0-0: SINGLE (Groundball, 4MD, EV 103.8 MPH)
Batting: RHB Jim Unknown 0-0: Called Strike
0-1: Foul Ball, location: 25F
0-2: Strikes out swinging
Batting: RHB Jim Unknown 0-0: Foul Ball, location: 3SF
0-1: Foul Ball, location: 7LSF
0-2: Fielders Choice at 2nd, 5-4 (Groundball, 56, EV 85.6 MPH)
Top of the 2nd over - 0 runs, 1 hit, 0 errors, 1 left on base; Frisco 0 - San Antonio 1
BOTTOM OF THE 2ND
San Antonio Missions batting - Pitching for Frisco RoughRiders : RHP Jim Unknown
Batting: RHB Luis Vázquez 0-0: Ground out 5-3 (Groundball, 56, EV 69.4 MPH)
Batting: SHB Pat Griffin 0-0: Called Strike
0-1: Ball
1-1: Ground out 6-3 (Groundball, 6, EV 102.5 MPH)
Batting: RHB Mike Miller 0-0: Called Strike
0-1: Ball
1-1: Ball
2-1: SINGLE (Line Drive, 56D, EV 107.5 MPH)
Batting: RHB Tim James 0-0: Called Strike
0-1: Swinging Strike
0-2: Strikes out swinging, 2-3 out at first.
Bottom of the 2nd over - 0 runs, 1 hit, 0 errors, 1 left on base; Frisco 0 - San Antonio 1
TOP OF THE 3RD
Frisco RoughRiders batting - Pitching for San Antonio Missions : RHP Joe Scott
Batting: RHB Jim Unknown 0-0: Called Strike
0-1: Swinging Strike
0-2: Ball
1-2: Ground out 6-3 (Groundball, 6, EV 89.4 MPH)
Batting: RHB Jeff Maxwell 0-0: Called Strike
0-1: Fly out, F2 (Popup, 3SF, EV 85.0 MPH)
Batting: LHB Jim Unknown 0-0: Foul Ball, location: 2F
0-1: Ball
1-1: Foul Ball, location: 7LDF
1-2: Foul Ball, location: 7LMF
1-2: Strikes out swinging
Top of the 3rd over - 0 runs, 0 hits, 0 errors, 0 left on base; Frisco 0 - San Antonio 1
BOTTOM OF THE 3RD
San Antonio Missions batting - Pitching for Frisco RoughRiders : RHP Jim Unknown
Batting: RHB Peder Fenger 0-0: Hit by Pitch
Batting: LHB Shawn Jones 0-0: Ball
1-0: Ball
2-0: Fly out, F8 (Flyball, 8RXD, EV 108.8 MPH)
Batting: LHB Greg Nikorak 0-0: Called Strike
0-1: Swinging Strike
0-2: Strikes out swinging
Batting: RHB Orlando Hernández 0-0: Called Strike
0-1: Ball
Peder Fenger steals 2nd base
1-1: Fly out, F6 (Popup, 6MD, EV 51.3 MPH)
Bottom of the 3rd over - 0 runs, 0 hits, 0 errors, 1 left on base; Frisco 0 - San Antonio 1
TOP OF THE 4TH
Frisco RoughRiders batting - Pitching for San Antonio Missions : RHP Joe Scott
Batting: LHB Dan Weaver 0-0: Called Strike
0-1: Swinging Strike
0-2: Foul Ball, location: 9LDF
0-2: Strikes out looking
Batting: RHB Joel Johnson 0-0: Called Strike
0-1: Swinging Strike
0-2: Ball
1-2: Foul Ball, location: 9LDF
1-2: Foul Ball, location: 2RF
1-2: Ground out 6-3 (Groundball, 6, EV 85.0 MPH)
Batting: RHB Lúcio Ramírez 0-0: Ground out 3-1 (Groundball, 13, EV 80.0 MPH)
Top of the 4th over - 0 runs, 0 hits, 0 errors, 0 left on base; Frisco 0 - San Antonio 1
BOTTOM OF THE 4TH
San Antonio Missions batting - Pitching for Frisco RoughRiders : RHP Jim Unknown
Batting: RHB John Howatt 0-0: Called Strike
0-1: Ground out 4-3 (Groundball, 4M, EV 80.0 MPH)
Batting: RHB Luis Vázquez 0-0: Called Strike
0-1: Foul Ball, location: 25F
0-2: Ball
1-2: Strikes out swinging
Batting: SHB Pat Griffin 0-0: Called Strike
0-1: Ball
1-1: SINGLE (Groundball, 4MD, EV 94.4 MPH)
Batting: RHB Mike Miller 0-0: Ball
1-0: Called Strike
1-1: Ball
2-1: DOUBLE (Line Drive, 8RXD, EV 101.9 MPH)
Pat Griffin to third
Runner from 3rd tries for Home, SAFE, throw by CF to home
Batting: RHB Tim James 0-0: Ball
1-0: Foul Ball, location: 9LDF
1-1: Foul Ball, location: 2F
1-2: Strikes out swinging
Bottom of the 4th over - 1 run, 2 hits, 0 errors, 1 left on base; Frisco 0 - San Antonio 2
TOP OF THE 5TH
Frisco RoughRiders batting - Pitching for San Antonio Missions : RHP Joe Scott
Batting: LHB Jim Unknown 0-0: Fly out, F8 (Flyball, 8LD, EV 105.0 MPH)
Batting: RHB Jim Unknown 0-0: Called Strike
0-1: Ball
1-1: DOUBLE (Line Drive, 89D, EV 102.5 MPH)
Batting: RHB Jim Unknown 0-0: Called Strike
0-1: Ball
1-1: Ball
2-1: Ball
3-1: Base on Balls
Batting: RHB Jim Unknown 0-0: Ball
1-0: Ball
2-0: Foul Ball, location: 9LDF
2-1: Foul Ball, location: 7LDF
2-2: Strikes out swinging
Batting: RHB Jeff Maxwell 0-0: Ground out 4-3 (Groundball, 4, EV 80.0 MPH)
Top of the 5th over - 0 runs, 1 hit, 0 errors, 2 left on base; Frisco 0 - San Antonio 2
BOTTOM OF THE 5TH
San Antonio Missions batting - Pitching for Frisco RoughRiders : RHP Jim Unknown
Batting: RHB Peder Fenger 0-0: Ball
1-0: Called Strike
1-1: Foul Ball, location: 9LMF
1-2: Foul Ball, location: 5DF
1-2: Ball
2-2: Ball
3-2: Foul Ball, location: 3SF
3-2: Strikes out swinging
Batting: LHB Shawn Jones 0-0: Called Strike
0-1: Ball
1-1: Ball
2-1: Ball
3-1: Fly out, F6 (Popup, 6, EV 76.9 MPH)
Batting: LHB Greg Nikorak 0-0: SOLO HOME RUN (Flyball, 89XD, EV 110.0 MPH), Distance : 413 ft
Batting: RHB Orlando Hernández 0-0: Fly out, F4 (Popup, 4, EV 64.4 MPH)
Bottom of the 5th over - 1 run, 1 hit, 0 errors, 0 left on base; Frisco 0 - San Antonio 3
TOP OF THE 6TH
Frisco RoughRiders batting - Pitching for San Antonio Missions : RHP Joe Scott
Batting: LHB Jim Unknown 0-0: Ball
1-0: Foul Ball, location: 23F
1-1: Ball
2-1: Called Strike
2-2: Ball
3-2: Strikes out swinging
Batting: LHB Dan Weaver 0-0: Called Strike
0-1: Called Strike
0-2: Ball
1-2: Foul Ball, location: 7LMF
1-2: SOLO HOME RUN (Flyball, 89XD, EV 102.5 MPH), Distance : 403 ft
Batting: RHB Joel Johnson 0-0: Called Strike
0-1: Ball
1-1: Called Strike
1-2: Ball
2-2: Foul Ball, location: 23FF
2-2: Ball
3-2: Strikes out looking
Batting: RHB Lúcio Ramírez 0-0: Ball
1-0: Ball
2-0: Ground out 4-3 (Groundball, 4, EV 83.8 MPH)
Top of the 6th over - 1 run, 1 hit, 0 errors, 0 left on base; Frisco 1 - San Antonio 3
BOTTOM OF THE 6TH
San Antonio Missions batting - Pitching for Frisco RoughRiders : RHP Jim Unknown
Batting: RHB John Howatt 0-0: Ball
1-0: Ball
2-0: Foul Ball, location: 5FF
2-1: Foul Ball, location: 23F
2-2: SINGLE (Groundball, 56D, EV 103.8 MPH)
Batting: RHB Luis Vázquez 0-0: Ball
1-0: Ball
2-0: Sac Bunt to 23 - play at first, batter OUT! 3-4
John Howatt to second
Batting: SHB Pat Griffin 0-0: Ground out 4-3 (Groundball, 4, EV 85.0 MPH)
John Howatt to third
Batting: RHB Mike Miller 0-0: Ball
1-0: Foul Ball, location: 3SF
1-1: Ball
2-1: Called Strike
2-2: DOUBLE (Line Drive, 9LM, EV 100.6 MPH)
John Howatt scores
Batting: RHB Tim James 0-0: Ball
1-0: Ball
2-0: Foul Ball, location: 2F
2-1: Ball
3-1: Fly out, F7 (Flyball, 78S, EV 93.8 MPH)
Bottom of the 6th over - 1 run, 2 hits, 0 errors, 1 left on base; Frisco 1 - San Antonio 4
TOP OF THE 7TH
Frisco RoughRiders batting - Pitching for San Antonio Missions : RHP Joe Scott
Batting: LHB Jim Unknown 0-0: Ball
1-0: Ball
2-0: Ball
3-0: Called Strike
3-1: Swinging Strike
3-2: Base on Balls
Batting: RHB Jim Unknown 0-0: Ball
1-0: Ball
2-0: Called Strike
2-1: Ball
3-1: Called Strike
3-2: Foul Ball, location: 7LDF
3-2: Foul Ball, location: 3F
3-2: Strikes out looking
Pitching: LHP Ben García
Batting: RHB Jim Unknown 0-0: Ball
1-0: Ball
2-0: Ball
3-0: Called Strike
3-1: Grounds into double play, U6-3 (Groundball, 4M, EV 84.4 MPH)
Top of the 7th over - 0 runs, 0 hits, 0 errors, 0 left on base; Frisco 1 - San Antonio 4
BOTTOM OF THE 7TH
San Antonio Missions batting - Pitching for Frisco RoughRiders : RHP Jim Unknown
Batting: RHB Peder Fenger 0-0: Ball
1-0: Fly out, F9 (Flyball, 9, EV 96.3 MPH)
Batting: LHB Shawn Jones 0-0: Swinging Strike
0-1: Foul Ball, location: 3DF
0-2: Strikes out looking
Batting: LHB Greg Nikorak 0-0: Ball
1-0: Ball
2-0: SINGLE (Line Drive, 89S, EV 98.8 MPH)
Batting: RHB Orlando Hernández 0-0: Ball
1-0: Ball
2-0: Ball
3-0: Base on Balls
Greg Nikorak to second
Batting: RHB John Howatt 0-0: Called Strike
0-1: Ball
1-1: Foul Ball, location: 2F
1-2: Foul Ball, location: 2F
1-2: Ball
2-2: Ball
3-2: Foul Ball, location: 23F
3-2: Base on Balls
Greg Nikorak to third
Orlando Hernández to second
Pitching: LHP Jim Unknown
Batting: RHB Luis Vázquez 0-0: SINGLE (Groundball, 34D, EV 105.0 MPH)
Greg Nikorak scores
Orlando Hernández to third
John Howatt to second
Runner from 3rd tries for Home, SAFE, throw by RF to home
Batting: SHB Pat Griffin 0-0: Ground out U3 (Groundball, 34, EV 89.4 MPH)
Bottom of the 7th over - 2 runs, 2 hits, 0 errors, 2 left on base; Frisco 1 - San Antonio 6
TOP OF THE 8TH
Frisco RoughRiders batting - Pitching for San Antonio Missions : LHP Ben García
Batting: RHB Jim Unknown 0-0: Ball
1-0: Ground out 6-3 (Groundball, P, EV 82.5 MPH)
Batting: RHB Jeff Maxwell 0-0: Called Strike
0-1: Ball
1-1: Ball
2-1: Fly out, F7 (Flyball, 7, EV 110.0 MPH)
Batting: LHB Jim Unknown 0-0: Ball
1-0: Foul Ball, location: 7LSFF
1-1: Ball
2-1: Called Strike
2-2: Foul Ball, location: 3FF
2-2: Strikes out looking
Top of the 8th over - 0 runs, 0 hits, 0 errors, 0 left on base; Frisco 1 - San Antonio 6
BOTTOM OF THE 8TH
San Antonio Missions batting - Pitching for Frisco RoughRiders : LHP Jim Unknown
Batting: RHB Mike Miller 0-0: Foul Ball, location: 9LMF
0-1: Foul Ball, location: 9LSF
0-2: Foul Ball, location: 25F
0-2: Ground out 6-3 (Groundball, 6S, EV 68.1 MPH)
Batting: RHB Tim James 0-0: Foul Ball, location: 3F
0-1: SINGLE (Line Drive, 34D, EV 95.0 MPH)
Batting: RHB Peder Fenger 0-0: Fly out, F7 (Flyball, 78M, EV 98.8 MPH)
Batting: LHB Shawn Jones 0-0: Ball
1-0: Fly out, F3 (Popup, 3S, EV 78.1 MPH)
Bottom of the 8th over - 0 runs, 1 hit, 0 errors, 1 left on base; Frisco 1 - San Antonio 6
TOP OF THE 9TH
Frisco RoughRiders batting - Pitching for San Antonio Missions : LHP Ben García
Batting: LHB Dan Weaver 0-0: Swinging Strike
0-1: Foul Ball, location: 3SF
0-2: Ball
1-2: Strikes out swinging
Batting: RHB Joel Johnson 0-0: Ball
1-0: Called Strike
1-1: Foul Ball, location: 7LDF
1-2: Ground out 5-3 (Groundball, 56S, EV 80.0 MPH)
Batting: RHB Lúcio Ramírez 0-0: Swinging Strike
0-1: Ball
1-1: Foul Ball, location: 2F
1-2: Ball
2-2: Foul Ball, location: 3DF
2-2: Ground out 6-3 (Groundball, 6MS, EV 63.1 MPH)
Top of the 9th over - 0 runs, 0 hits, 0 errors, 0 left on base; Frisco 1 - San Antonio 6
Friday, May 3rd , 2024 - OOTP Baseball 24.10 Build 82